 Dungeon Crawl Stone Soup version 0.30.0 (webtiles) character file.

Game seed: 14341846240984373375

6 arghonaut the Digger (level 1, 0/10 HPs)
             Began as a Gargoyle Earth Elementalist on May 20, 2023.
             Slain by a quokka (4 damage)
             ... on level 1 of the Dungeon.
             The game lasted 00:00:33 (152 turns).

arghonaut the Digger (Gargoyle Earth Elementalist)   Turns: 152, Time: 00:00:33

Health: 0/10       AC:  4    Str: 11    XL:     1   Next: 90%
Magic:  0/3        EV: 11    Int: 15    God:
Gold:   0          SH:  0    Dex: 10    Spells: 3/4 levels left

rFire   . . .        e - +0 dagger
rCold   . . .        (no shield)
rNeg    + . .        a - +0 robe
rPois   ∞            (no helmet)
rElec   +            (no cloak)
rCorr   .            (no gloves)
SInv    .            (no boots)
Will    .....        (no amulet)
Stlth   ++           (no ring)
HPRegen 0.21/turn    (no ring)
MPRegen 0.08/turn

%: no passive effects
@: no status effects
A: sickness immunity, AC +2, negative energy resistance 1, electricity
resistance, torment resistance 1, petrification resistance
a: no special abilities


You were on level 1 of the Dungeon.
You visited 1 branch of the dungeon, and saw 1 of its levels.

Inventory:

Hand Weapons
 e - a +0 dagger (weapon)
Armour
 a - a +0 robe (worn)
Scrolls
 c - a scroll of amnesia {unknown}
Potions
 b - a potion of magic
 d - a potion of lignification {unknown}


   Skills:
 - Level 1.5 Dodging
 - Level 2.1 Stealth
 + Level 2.2 Spellcasting
 - Level 0.7 Transmutations
 + Level 3.9 Earth Magic


You had 3 spell levels left.
You knew the following spells:

 Your Spells              Type           Power      Damage    Failure   Level
a - Sandblast             Erth           26%        2d8       4%          1

Your spell library contained the following spells:

 Spells                   Type           Power      Damage    Failure   Level
 Passwall                 Tmut/Erth      6%         N/A       13%         2
 Stone Arrow              Conj/Erth      14%        3d7       28%         3
 Petrify                  Tmut/Erth      8%         N/A       63%         4


Dungeon Overview and Level Annotations

Branches:
Dungeon (1/15)

Altars:


Innate Abilities, Weirdness & Mutations

You are immune to sickness and miasma.
Your stone body is resilient. (AC +2)
You are immune to poison.
You resist negative energy. (rN+)
You are resistant to electric shocks. (rElec)
You are resistant to unholy torment.
You are immune to petrification.


Message History

The goblin shouts!
No target in view!
The quokka twitches its whiskers.
There are monsters nearby!
Casting: Sandblast (safe; 4% risk of failure)
Confirm with . or Enter, or press ? or * to list all spells.
Aiming: Sandblast (safe; 4% risk of failure)
Press: ? - help, Shift-Dir - straight line, f - quokka
Aim: a quokka (75% to hit)
The blast of sand misses the quokka.
Casting: Sandblast (safe; 4% risk of failure)
Confirm with . or Enter, or press ? or * to list all spells.
Aiming: Sandblast (safe; 4% risk of failure)
Press: ? - help, Shift-Dir - straight line, f/p - quokka
Aim: a quokka (75% to hit)
The blast of sand hits the quokka.
The quokka is almost dead.
A quokka comes into view.
You closely miss the quokka.
The quokka is almost dead.
The quokka closely misses you.
You barely miss the quokka.
The quokka is almost dead.
The quokka bites you. The goblin hits you with a +0 club. The quokka bites you.
* * * LOW HITPOINT WARNING * * *
The goblin attacks as you move away! The goblin closely misses you.
Okay, then.
The goblin attacks as you move away! The goblin closely misses you.
The goblin attacks as you move away! The goblin closely misses you.
Casting: Sandblast (safe; 4% risk of failure)
Confirm with . or Enter, or press ? or * to list all spells.
Aiming: Sandblast (safe; 4% risk of failure)
Press: ? - help, Shift-Dir - straight line, f/p - quokka
Aim: a quokka (severely wounded, 75% to hit)
The blast of sand hits the goblin!
You kill the goblin!
The quokka attacks as you move away!
The quokka bites you but does no damage.
The quokka bites you.
You die...

.. ... ##.## ...
... ##..# #.##.#
##..## #....##
#..## #####....#
##.##
.........###..#
#............##
#.........###
.##########@#.##
...... ##?r..##
......###.)#...#
........r......#
...........##..#
........#####....#
............#.....#
$........##..>#.#.#
.......#... ..#...#


You could see 2 quokkas.

Vanquished Creatures
  A bat (D:1)
  An endoplasm (D:1)
  2 goblins (D:1)
  A ball python (D:1)
5 creatures vanquished.

Notes
Turn   | Place    | Note
-------+----------+-------------------------------------------
     0 | D:1      | arghonaut the Gargoyle Earth Elementalist began the quest
                  | for the Orb.
     0 | D:1      | Reached XP level 1. HP: 10/10 MP: 3/3
   152 | D:1      | Slain by a quokka

Illustrated notes

Levels and vault maps discovered:
D:1:      onia_arrival_mini_maze_b, layout_rooms, kennysheep_flooded_box

Action                     || total
---------------------------++-------
  Melee: Dagger            ||     2
   Cast: Sandblast         ||     7
 Armour: Robe              ||     1
  Dodge: Dodged            ||     4
